 Dungeon Crawl Stone Soup version 0.28.0 (webtiles) character file.

Game seed: 15242769727870162661

4727 Host24 the Quickloader (level 10, -9/63 HPs)
             Began as a Kobold Hunter on Feb 5, 2022.
             Was a Believer of Okawaru.
             Mangled by Harold (10 damage)
             ... on level 9 of the Dungeon.
             The game lasted 00:38:40 (11947 turns).

Host24 the Quickloader (Kobold Hunter)             Turns: 11947, Time: 00:38:40

Health: -9/63      AC: 10    Str: 12    XL:     10   Next: 73%
Magic:  15/15      EV:  8    Int: 19    God:    Okawaru [**....]
Gold:   447        SH:  0    Dex: 23    Spells: 9/9 levels left

rFire   . . .      SeeInvis +   q - +10 spear of Painful Death {vorpal, Int+4 Dex+6 SInv}
rCold   . . .      Faith    .   (no shield)
rNeg    . . .      Spirit   .   w - +1 scale mail {rPois}
rPois   +          Reflect  .   u - +0 helmet
rElec   .          Harm     .   (no cloak)
rCorr   .          Rampage  .   (no gloves)
Will    .....      Clarity  +   L - +0 pair of boots
Stlth   ++........              (no amulet)
HPRegen 0.20/turn               (no ring)
MPRegen 0.14/turn               (no ring)

@: about to teleport, marked, held
A: small, no large weapons, nightstalker 3, clarity, clever 1
a: Renounce Religion, Heroism


You were on level 9 of the Dungeon.
You worshipped Okawaru.
Okawaru was pleased with you.
You visited 2 branches of the dungeon, and saw 10 of its levels.

You collected 473 gold pieces.
You spent 26 gold pieces at shops.

Inventory:

Hand Weapons
 a - a +1 hand crossbow
 q - the +10 spear of Painful Death (weapon) {vorpal, Int+4 Dex+6 SInv}
   (You found it on level 2 of the Dungeon)

   It inflicts extra damage upon your enemies.
   Int:       It affects your intelligence (+4).
   Dex:       It affects your dexterity (+6).
   SInv:      It lets you see invisible.
Missiles
 e - 91 sling bullets
 i - 180 arrows
 j - 204 stones (quivered)
 r - 16 poisoned darts
 x - 3 curare-tipped darts
 D - 39 bolts
 E - 6 javelins
 K - 4 silver boomerangs
Armour
 c - a +0 leather armour
 u - a +0 helmet (worn)
 w - a +1 scale mail of poison resistance (worn)
 L - a +0 pair of boots (worn)
Jewellery
 v - an amulet of magic regeneration
 y - a ring of fire
 C - a ring of fire
Wands
 d - a wand of iceblast (6)
 t - a wand of flame (26)
 G - a wand of paralysis (18)
Scrolls
 b - a scroll of enchant armour {unknown}
 k - a scroll of vulnerability {unknown}
 l - a scroll of silence {unknown}
 m - a scroll of amnesia
 n - a scroll of torment {unknown}
 p - a scroll of teleportation
 s - a scroll of magic mapping
 F - a scroll of acquirement {unknown}
 H - a scroll of enchant weapon {unknown}
 I - 2 scrolls of fog {unknown}
 O - 2 scrolls of blinking {unknown}
 P - a scroll of summoning {unknown}
Potions
 f - a potion of might
 g - 2 potions of flight
 z - a potion of heal wounds {unknown}
 B - a potion of attraction {unknown}
 J - a potion of brilliance {unknown}
 M - a potion of resistance
 N - a potion of cancellation {unknown}


   Skills:
 - Level 7.1 Fighting
 - Level 3.0 Polearms
 + Level 12.2 Crossbows
 - Level 3.3 Armour
 - Level 6.1 Dodging
 - Level 1.3 Stealth
 - Level 7.1 Invocations


You had 9 spell levels left.
You didn't know any spells.
Your spell library was empty.

Dungeon Overview and Level Annotations

Branches:
Dungeon (9/15)             Temple (1/1) D:4            Lair (0/6) D:8
    Orc: D:9-12

Altars:
Ashenzari
Cheibriados
Dithmenos
Elyvilon
Fedhas
Gozag
Hepliaklqana
Kikubaaqudgha
Makhleb
Nemelex Xobeh
Okawaru
Qazlal
Ru
Sif Muna
Trog
Uskayaw
Vehumet
Wu Jian
Xom
Yredelemnul
Zin
The Shining One

Shops:
D:2 =(   D:5 [(((?   D:6 !

Annotations:
D:3 Terence
D:5 3 runed translucent doors, Radamante's ghost, novice TrAK
D:9 Harold


Innate Abilities, Weirdness & Mutations

You are small and have problems with some larger weapons.
You are completely attuned to the shadows.
You possess an exceptional clarity of mind.
Your mind is acute. (Int +2)


Message History

Found 14 gold pieces.
Found 19 gold pieces.
You now have 428 gold pieces (gained 14).
You now have 447 gold pieces (gained 19).
Harold the Weathered comes into view.
He is wielding a +0 glaive and carrying a wand of iceblast (6).
Found a stone staircase leading up.
Harold shouts!
Harold points at you and mumbles some strange words.
A sentinel's mark forms upon you.
Harold throws a throwing net.
The throwing net hits you.
You become entangled in the net!
You see here a throwing net.
You tear a large gash into the net.
Harold gestures at you while chanting. The mark upon you grows brighter.
You shred the net and break free! Harold closely misses you.
Harold hits you from afar with a +0 glaive!!
Harold fires a harpoon shot at you. The harpoon shot hits you.
You are yanked forward by the harpoon shot.
Harold casts a spell at you. The mark upon you grows brighter.
There is a stone staircase leading up here.
Harold throws a throwing net.
The throwing net hits you.
You become entangled in the net!
You stop ascending the stairs.
You struggle against the net.
Harold hits you from afar with a +0 glaive!!
* * * LOW HITPOINT WARNING * * *
You struggle against the net.
Harold zaps a wand.
The mass of ice explodes!
The iceblast engulfs you.
* * * LOW HITPOINT WARNING * * *
As you read the scroll of teleportation, it crumbles to dust.
You feel strangely unstable. Harold hits you but does no damage.
You struggle against the net.
Harold hits you from afar with a +0 glaive!
* * * LOW HITPOINT WARNING * * *
It was a potion of mutation.
You feel extremely strange.
Your thoughts seem clearer.
You feel clever.
Harold hits you from afar with a +0 glaive!
You die...

......##................#
##....##......#.#...#...##
#.....##..#...###........#
#.....#...............#..#
........#..#...#..#.....##
..)...#....##.##..#.....#
......#..###....@.....###
.........# #........##
........## ....@...##
......#..# .......##
......#.... .......#
......##... .......#
......# #.. #.....##
#.###..# ... #.#


You could see Harold.

Vanquished Creatures
  A wyvern (D:9)
  5 humans (D:7)
  5 yaks (D:7)
  A basilisk (D:8)
  A water moccasin (D:7)
  An ice beast (D:7)
  2 sky beasts
  2 black bears
  An ogre (D:5)
  2 centaurs
  3 phantoms
  A kobold brigand (D:9)
  A gnoll sergeant (D:5)
  4 scorpions
  2 bullfrogs
  2 wyvern zombies (D:6)
  A water moccasin zombie (D:6)
  A water moccasin skeleton (D:4)
  5 wights (D:6)
  2 howler monkeys
  5 centaur zombies
  2 bullfrog zombies
  A jelly (D:7)
  3 centaur skeletons
  2 hounds (D:7)
  An orc priest (D:6)
  An iguana (D:4)
  Jessica (D:7)
  3 bullfrog skeletons
  Ijyb (D:7)
  3 orc wizards
  3 killer bee zombies
  A hound zombie (D:5)
  A hound skeleton (D:5)
  Robin (D:3)
  7 adders
  4 gnolls (D:5)
  2 shadow imps (D:8)
  2 white imps
  An adder skeleton (D:4)
  An adder zombie (D:5)
  A worm (D:2)
  2 dart slugs
  17 orcs
  10 ball pythons
  4 bats
  11 endoplasms
  A giant cockroach (D:1)
  18 goblins
  7 hobgoblins
  3 jackals (D:7)
  9 quokkas
  A goblin zombie (D:5)
  2 hobgoblin zombies (D:5)
  8 kobolds
  A kobold zombie (D:5)
  2 orc skeletons (D:5)
  An orc zombie (D:5)
187 creatures vanquished.

Vanquished Creatures (others)
  A butterfly (D:5)
  A fungus (D:8)
  A plant (D:8)
  A withered plant (D:6)
4 creatures vanquished.

Grand Total: 191 creatures vanquished

Notes
Turn   | Place    | Note
-------+----------+-------------------------------------------
     0 | D:1      | Host24 the Kobold Hunter began the quest for the Orb.
     0 | D:1      | Reached XP level 1. HP: 12/12 MP: 1/1
   173 | D:1      | Reached skill level 5 in Crossbows
   322 | D:1      | Reached XP level 2. HP: 18/18 MP: 2/2
  1215 | D:2      | Reached XP level 3. HP: 23/23 MP: 3/3
  1451 | D:2      | Found Coasaim's Antique Weapon Shoppe.
  1580 | D:2      | Reached XP level 4. HP: 22/28 MP: 4/4
  1652 | D:2      | Found Xipsun's One-of-a-Kind Rings.
  2153 | D:2      | Identified the +10 spear of Painful Death {vorpal, Int+4
                  | Dex+6 SInv}
  2253 | D:3      | Found a stormy altar of Qazlal.
  2276 | D:3      | Reached skill level 6 in Crossbows
  2470 | D:3      | Noticed Terence
  2890 | D:3      | Reached XP level 5. HP: 30/32 MP: 5/5
  3058 | D:3      | Found a faded altar of an unknown god.
  3089 | D:3      | Noticed Robin
  3105 | D:3      | Killed Robin
  3377 | D:4      | Reached skill level 7 in Crossbows
  3556 | D:4      | Found a staircase to the Ecumenical Temple.
  3567 | Temple   | Entered the Ecumenical Temple
  3821 | D:4      | Reached XP level 6. HP: 34/37 MP: 6/6
  3843 | D:4      | Found a shadowy altar of Dithmenos.
  3997 | D:4      | Reached skill level 8 in Crossbows
  4195 | D:5      | Entered Level 5 of the Dungeon
  4234 | D:5      | Found a glowing golden altar of the Shining One.
  4291 | D:5      | Noticed an ogre
  4335 | D:5      | Found Zoennios's Antique Armour Shoppe.
  4516 | D:5      | Found a white marble altar of Elyvilon.
  4555 | D:5      | Reached skill level 9 in Crossbows
  4555 | D:5      | Reached XP level 7. HP: 39/41 MP: 7/7
  4741 | D:5      | Found Sicoshriu's Antique Weapon Boutique.
  4871 | D:5      | Found Useopren's Antique Weapon Shoppe.
  4923 | D:4      | Reached skill level 10 in Crossbows
  5394 | D:5      | Found Muciuxt's Weapon Emporium.
  5467 | D:5      | Found Desomymo's Magic Scroll Boutique.
  5481 | D:5      | Bought a scroll of identify for 26 gold pieces
  5488 | D:5      | Found a runed translucent gate.
  5488 | D:5      | Found a runed translucent gate.
  5488 | D:5      | Found a runed translucent gate.
  5492 | D:5      | Noticed Radamante's ghost (novice TrAK)
  5495 | D:5      | Identified the +2 scale mail of Lust {rF+ Dex+4 Stlth+}
  5541 | D:5      | Reached XP level 8. HP: 32/48 MP: 8/8
  5827 | D:5      | Reached skill level 5 in Fighting
  6380 | D:6      | Found Zoixatug's Distillery.
  6537 | D:6      | Reached XP level 9. HP: 48/57 MP: 9/9
  6632 | D:6      | Reached skill level 5 in Dodging
  6754 | D:6      | Found a hide-covered altar of Uskayaw.
  6886 | D:6      | Found a radiant altar of Vehumet.
  6930 | D:6      | Reached skill level 1 in Armour
  7292 | D:6      | Found a sparkling altar of Nemelex Xobeh.
  7320 | D:6      | Reached skill level 1 in Polearms
  8122 | D:7      | Noticed Ijyb
  8155 | D:7      | Found an iron altar of Okawaru.
  8160 | D:7      | Became a worshipper of Warmaster Okawaru
  8332 | D:7      | Found a blossoming altar of Fedhas.
  8417 | D:7      | Reached skill level 11 in Crossbows
  8445 | D:7      | Reached * piety under Okawaru
  8770 | D:7      | Reached XP level 10. HP: 63/63 MP: 10/10
  8797 | D:7      | Noticed Jessica
  9217 | D:7      | Reached skill level 5 in Invocations
  9312 | D:7      | Killed Ijyb
  9313 | D:7      | Killed Jessica
  9696 | D:7      | Reached ** piety under Okawaru
 10118 | D:8      | Reached skill level 12 in Crossbows
 10324 | D:8      | Found a hazy altar of Hepliaklqana.
 10493 | D:8      | Found a staircase to the Lair.
 10494 | D:8      | Noticed a death yak
 11934 | D:9      | Noticed Harold
 11946 | D:9      | HP: 1/63 [Harold (14)]
 11947 | D:9      | Gained mutation: You possess an exceptional clarity of
                  | mind. [potion of mutation]
 11947 | D:9      | Gained mutation: Your mind is acute. (Int +2) [potion of
                  | mutation]
 11947 | D:9      | Mangled by Harold

Illustrated notes

Levels and vault maps discovered:
D:1:      lightli_arrival_maybe_door_vault, layout_basic
D:2:      layout_basic, serial_shops, nicolae_diamond_shop,
          kennysheep_cluttered_room, minmay_misc_feat_rugged, fountainhead,
          nicolae_concentric_dashed_squares_wild, supply_closet_lemuel,
          grunt_decor_mini_mirrors, nicolae_shop_unique_rings
D:3:      layout_basic, grunt_qazlal_sundering, nicolae_ecumenical_lake_church,
          chequers_jeans, uniq_robin, uniq_terence
D:4:      minmay_spotlight, layout_basic, grunt_dithmenos_smoke_and_mirrors,
          minmay_temple_entry_trees, serial_park_tiny_pond,
          kennysheep_generic_room_10
D:5:      layout_cave_pools, nicolae_tso_besieged_by_evil,
          nicolae_elyvilon_peaceful_grove, serial_shops,
          nicolae_shop_advertising_works [nicolae_subvault_shop_adworks],
          nicolae_shop_behind_doors, nicolae_shop_hallway_stairs, shop,
          kennysheep_mini_moat, biasface_ghost_orc_armoury, minmay_holes,
          hangedman_decor_slide_cut
D:6:      layout_loops_ring, nicolae_vehumet_radiance,
          nemelex_diamond_rough_becter, mainiacjoe_overflow_catwalk,
          serial_shops, nicolae_take_the_stairs, serial_undead, serial_undead_f,
          serial_undead_b, serial_undead_f, serial_undead_d
D:7:      erik_cavepeople, layout_basic, okawaru_metal_pillars_1_2,
          fedhas_altar_4
D:8:      layout_basic, nicolae_hepliaklqana_hippocampus, david_lair_generic
D:9:      layout_cave_pools, uniq_harold
Temple:   nicolae_temple_x_marks_the_god

Skill      XL: |  1  2  3  4  5  6  7  8  9 10 |
---------------+-------------------------------+-----
Crossbows      | 5 6 7 9 10 11 12 | 12.2
Fighting       | 3 4 7 |  7.1
Dodging        | 3 4 6 |  6.1
Armour         | 2 3 |  3.3
Polearms       | 3 |  3.0
Invocations    | 7 |  7.1
Stealth        | |  1.3

Action                   |  1- 3 |  4- 6 |  7- 9 | 10-12 || total
-------------------------+-------+-------+-------+-------++-------
Melee: Short sword       |    84 |    22 |       |       ||   106
       Punch             |     1 |     1 |     3 |     1 ||     6
       Spear             |       |   114 |   156 |   136 ||   406
 Fire: Hand crossbow     |     4 |    14 |   101 |    25 ||   144
Invok: Heroism           |       |       |       |     1 ||     1
  Use: Scroll            |       |       |     9 |     2 ||    11
       Potion            |       |       |     3 |     4 ||     7
 Stab: Sleeping          |    13 |    21 |     8 |     6 ||    48
       Distracted        |       |       |     3 |       ||     3
Armor: Leather armour    |    17 |    18 |    34 |     7 ||    76
       Scale mail        |       |       |       |    12 ||    12
Dodge: Dodged            |    50 |    70 |   177 |    98 ||   395
